Map: Scythe of Amon

Players

LilArrin

  • Race: Terran Terran
  • Spawn Location: 5:00

LilArrin

  • Race: Protoss Protoss
  • Spawn Location: 5:00

VOD

Have the link to the VOD?

Description

Time

  • Played on: April 27, 2018, 3:37 a.m.
  • Length: 16:29
Show
View Real Time Build Order
Export as new Build Order

LilArrin Terran 

Build Orders:  

Get SALT Encoding   

  12  0:03  SCV  
  13  0:20  SCV  
  14  0:33  Supply Depot  
  14  0:37  SCV  
  15  0:54  SCV  
  16  1:10  SCV  
  17  1:25  Command Center  
  17  1:29  SCV  
  18  1:46  SCV  
  19  1:51  Barracks  
  19  2:03  SCV  
  20  2:24  Orbital Command  
  20  2:48  Command Center  
  20  3:00  SCV  
  20  3:06  Orbital Command  
  21  3:14  Refinery  
  21  3:17  SCV  
  22  3:23  Refinery  
  22  3:34  SCV  
  22  3:39  Combat Shields  
  23  3:43  SCV  
  24  3:58  Command Center  
  24  4:00  Barracks Tech Lab  
  24  4:15  Barracks  
  24  4:28  Orbital Command  
  24  4:35  SCV  
  24  4:36  Barracks  
  25  4:49  Marine  
  25  4:51  Barracks Reactor  
  25  4:52  SCV  
  25  4:59  Marine  
  27  5:06  SCV  
  27  5:08  Marine  
  27  5:09  Medic  
  29  5:14  Engineering Bay  
  29  5:19  Marine  
  32  5:21  Marine  
  32  5:27  SCV  
  32  5:29  Marine  
  35  5:31  Marine  
  35  5:39  Medic  
  37  5:48  Marine x2  
  39  5:58  Orbital Command, Marine x2  
  41  6:02  SCV x2  
  41  6:03  Orbital Command  
  41  6:08  Marine  
  45  6:11  Marine  
  45  6:19  SCV  
  48  6:21  Terran Infantry Weapons Level 1  
  48  6:25  Marine x2, Stabilizer Medpacks  
  48  6:28  Marine  
  48  6:29  Barracks Reactor  
  50  6:34  SCV  
  50  6:38  Marine, SCV  
  50  6:39  SCV  
  54  6:48  Engineering Bay  
  55  6:55  Medic, Marine x2  
  55  6:56  Factory  
  57  7:03  SCV  
  57  7:05  Marine x2  
  57  7:06  Marine  
  61  7:15  Marine x2  
  61  7:16  Marine  
  61  7:18  Marine  
  61  7:19  Marine  
  64  7:26  SCV x2  
  64  7:28  Marine x2  
  68  7:33  Marine  
  68  7:35  Terran Infantry Armor Level 1  
  68  7:37  Medic, Marine, Supply Depot  
  68  7:38  Marine  
  68  7:39  Marine  
  68  7:44  Marine  
  68  7:47  Marine  
  68  7:49  Marine  
  76  8:02  Marine  
  76  8:07  Armory  
  76  8:10  Marine  
  76  8:11  Marine  
  76  8:13  Marine  
  76  8:14  Medic, Supply Depot, Marine  
  76  8:16  Supply Depot  
  76  8:18  Supply Depot, SCV x2  
  76  8:19  SCV  
  78  8:20  Barracks  
  78  8:25  Medic  
  78  8:29  Marine x2  
  78  8:31  Marine x2  
  78  8:35  Medic  
  78  8:39  Marine  
  84  8:40  SCV x2  
  84  8:44  Concussive Shells  
  84  8:45  Medic  
  84  8:47  Marine x2  
  90  8:54  Barracks  
  90  8:55  Medic  
  90  8:56  Marine x2  
  90  8:57  Supply Depot  
  90  8:58  Supply Depot, Barracks Tech Lab  
  95  9:00  Marine  
  95  9:02  Marine  
  95  9:05  Medic  
  99  9:11  Marine x2  
  99  9:12  Marine x2  
  99  9:15  Medic  
  105  9:21  Marine, Terran Infantry Weapons Level 2  
  105  9:22  Marine x4  
  105  9:27  Marine  
  109  9:35  Marine x2  
  109  9:36  Barracks Reactor, Marine x3  
  112  9:46  Marine x2  
  112  9:49  Supply Depot, Marine x2  
  114  9:50  Medic, Marine  
  114  9:52  Supply Depot  
  114  9:55  Supply Depot  
  114  9:56  Marine x2  
  114  9:59  Marine  
  120  10:05  Marine x3  
  120  10:08  Marine x2  
  116  10:10  Supply Depot  
  116  10:11  Supply Depot  
  116  10:15  Supply Depot  
  116  10:17  Marine x3  
  110  10:23  Marine x3  
  110  10:28  Medic, Marine x2  
  110  10:29  Terran Infantry Armor Level 2  
  116  10:33  Marine  
  116  10:34  Marine  
  122  10:43  Marine  
  122  10:48  Marine  
  122  10:49  Medic, Marine x2  
  123  10:55  Medic, Marine x2  
  129  11:03  Marine x2  
  129  11:06  Marine x2  
  131  11:11  Marine x2  
  131  11:13  Marine x2  
  131  11:14  Marine x2  
  131  11:16  Marine x2  
  138  11:21  Marine x2  
  138  11:24  Marine x2  
  138  11:26  Marine x2  
  138  11:27  Marine  
  138  11:28  Marine  
  143  11:31  Marine, Supply Depot  
  143  11:32  Marine  
  143  11:34  Marine  
  143  11:35  Marine  
  143  11:36  Medic, Marine, Supply Depot  
  143  11:39  Marine, Supply Depot  
  144  11:51  Medic, Marine x3  
  144  11:52  Marine x2  
  144  11:53  Marine  
  148  12:00  Marine  
  148  12:01  Marine  
  148  12:03  Marine  
  148  12:04  Marine  
  148  12:08  Marine x2  
  148  12:09  Medic, Marine  
  151  12:10  Medic  
  151  12:18  Marine  
  157  12:21  Marine  
  157  12:22  Marauder x2  
  157  12:26  Marine x2  
  153  12:34  Medic  
  153  12:35  Marauder, Marine x2  
  153  12:39  Marine x3  
  157  12:45  Marine x2  
  157  12:47  Marine  
  161  12:52  Marine x2  
  161  12:53  Marauder  
  165  13:04  Marine  
  165  13:05  Medic, Marine x3  
  168  13:19  Marine x3  
  166  13:20  Medic, Marine  
  166  13:22  Marine  
  166  13:29  Marine x2  
  82  13:30  Medic x2, Marine  
  173  13:35  Marine  
  175  13:40  Supply Depot  
  175  13:43  Supply Depot  
  175  13:44  Marine x3  
  175  13:45  Medic x2, Supply Depot  
  175  13:46  Marine x3  
  179  13:54  Marine x2  
  179  13:55  Marauder, Marine x2  
  179  13:56  Marine x2  
  183  14:01  Marine  
  183  14:04  Marine  
  183  14:05  Marine x2  
  187  14:10  Marine  
  187  14:14  Marine  
  189  14:22  Medic, Marine x3  
  192  14:36  Marine x2  
  194  14:41  Marine  
  194  14:42  Marine  
  194  14:43  Marine x2  
  183  14:50  Medic, Marine x3  
  183  14:52  Marine  
  183  14:53  Marine  
  183  14:55  Marine x2  
  187  15:00  Marine x3  
  187  15:01  Marine  
  187  15:02  Marine  
  187  15:06  Marine  
  187  15:08  Marine x2  
  192  15:10  Medic, Marine  
  192  15:11  Marine  
  192  15:12  Marine  
  192  15:15  Marine  
  192  15:18  Marine x2  
  195  15:23  Marine x2  
  195  15:25  Marine  
  195  15:27  Marine  
  186  15:36  Marine x3  
  186  15:37  Marine  
  189  15:42  Marine x2  
  189  15:43  Marine  
  174  15:52  Marine  
  174  15:53  Marine  
  174  15:58  Marine x2  
  174  15:59  Medic, Marine  
Show
View Real Time Build Order
Export as new Build Order

LilArrin Protoss 

Build Orders:  

Get SALT Encoding   

Tags
 
Commander
FenixRaynor
Matchup
Co-op
Replay Pack
Co-op Speedrun
Add a new tag
Caveats
  • Supply blocks, unpowered buildings, or Contaminate may cause inaccurate times.
  • Supply counts are checked every 10 seconds.